[Event "Titled Tuesday Blitz May 23 Early 2023"]
[White "Goldin, Roman"]
[Black "Berezin, Viktor"]
[WhiteFideId "2803860"]
[BlackFideId "14107872"]
[WhiteElo "2312"]
[BlackElo "2310"]
[Result "1-0"]
[Round "09"]
[TimeControl "180+2"]
[Date "2023.05.23"]
[WhiteClock "0:00:06"]
[BlackClock "0:00:12"]

1. e4 g6 2. d4 Bg7 3. Nc3 d6 4. Nf3 Nf6 5. g3 O-O 6. Bg2 c6 7. a4 a6 8. a5 Nbd7 9. O-O b5 10. axb6 Qxb6 11. b3 c5 12. e5 Ne8 13. Nd2 Bb7 14. Nc4 Qa7 15. exd6 Nxd6 16. Bxb7 Qxb7 17. Nxd6 exd6 18. Be3 Rac8 19. Ne2 c4 20. Rb1 Nb6 21. bxc4 Qc6 22. d5 Qxc4 23. Rxb6 Be5 24. Bf4 Rfd8 25. Bxe5 dxe5 26. d6 Rc6 27. Rxc6 Qxc6 28. Qa1 Qxd6 29. Nc3 Qc6 30. Qa5 Rc8 31. Nd1 e4 32. Ne3 h5 33. h4 Kh7 34. Rd1 Qe6 35. Qg5 Qb6 36. Rd5 Re8 37. Rd7 Qe6 38. Rc7 Kg8 39. Kg2 Rc8 40. Rxc8+ Qxc8 41. c4 Qc7 42. Qd5 a5 43. Qxe4 a4 44. Qe8+ Kg7 45. Qxa4 Qb7+ 46. Nd5 Qb1 47. Qb5 Qe4+ 48. Kg1 Qe1+ 49. Kg2 Qe4+ 50. Kh2 Qf3 51. Qb2+ Kg8 52. Qc2 Kf8 53. Ne3 Qc6 54. c5 Ke7 55. Qc4 Qf3 56. Qc2 Qc6 57. Qc3 Qf3 58. Qe5+ Kf8 59. Qf4 Qc6 60. Qe5 Qf3 61. Kg1 Qc6 62. Qd6+ 1-0


[Site "https://www.chess.com"]

[Event "Titled Tuesday Blitz May 23 Early 2023"]
[White "Manon-og, Ramon Jr."]
[Black "Santos Flores, Alberto"]
[WhiteFideId "5200776"]
[BlackFideId "3601234"]
[WhiteElo "2330"]
[BlackElo "2235"]
[Result "1-0"]
[Round "09"]
[TimeControl "180+2"]
[Date "2023.05.23"]
[WhiteClock "0:02:14"]
[BlackClock "0:02:12"]

1. e4 c5 2. Nf3 Nc6 3. Bb5 g6 4. c3 Bg7 5. O-O Nf6 6. Qe2 O-O 7. Bxc6 dxc6 8. h3 Ne8 9. d3 e5 10. Nbd2 Nc7 11. Nc4 Qe7 12. Bg5 f6 13. Bh4 Be6 14. Ne3 Rad8 15. Rfd1 Rd7 16. Nxe5 g5 17. Nxd7 gxh4 18. Nxf8 Qxf8 19. Nf5 Bxf5 20. exf5 1-0


[Site "https://www.chess.com"]

[Event "Titled Tuesday Blitz May 23 Early 2023"]
[White "Lesbekova, Assel"]
[Black "Sliwicki, Damian"]
[WhiteFideId "13713248"]
[BlackFideId "1127128"]
[WhiteElo "1805"]
[BlackElo "2030"]
[Result "1/2-1/2"]
[Round "09"]
[TimeControl "180+2"]
[Date "2023.05.23"]
[WhiteClock "0:00:05"]
[BlackClock "0:00:06"]

1. e4 d5 2. exd5 Qxd5 3. Nc3 Qa5 4. Nf3 Nf6 5. h3 Bf5 6. d4 e6 7. Bd3 c6 8. Ne5 Bxd3 9. Qxd3 Be7 10. O-O O-O 11. Bd2 Qc7 12. Rfe1 Nbd7 13. Qg3 Nxe5 14. dxe5 Nh5 15. Qf3 g6 16. Rad1 Rad8 17. g4 Ng7 18. Bf4 Rxd1 19. Rxd1 Rd8 20. Ne4 Ne8 21. Rxd8 Qxd8 22. Qd3 Qd5 23. Nc3 Qxd3 24. cxd3 Nc7 25. Be3 b6 26. Ne4 Nd5 27. Bd2 Bb4 28. Bc1 Kf8 29. a3 Be7 30. f4 f6 31. d4 f5 32. gxf5 gxf5 33. Nf2 Bh4 34. Nd3 Be7 35. Kg2 c5 36. dxc5 bxc5 37. Bd2 c4 38. Nb4 Bxb4 39. Bxb4+ Nxb4 40. axb4 Ke7 41. Kf3 Kd7 42. Ke3 Kc6 43. Kd4 Kb5 44. Kc3 h6 45. h4 h5 46. b3 cxb3 47. Kxb3 a6 48. Kc3 Ka4 49. Kc4 Ka3 50. Kc3 Ka4 51. Kc4 Ka3 52. Kc5 Kb3 53. b5 axb5 54. Kxb5 Kc3 55. Kc5 Kd3 56. Kd6 Ke4 57. Kxe6 Kxf4 58. Kd6 Kg3 59. e6 f4 60. e7 f3 61. e8=Q f2 62. Qe2 Kg2 63. Qe4+ Kg1 64. Qg6+ Kh2 65. Qf5 Kg1 66. Qg5+ Kh1 67. Qf4 Kg2 68. Qe4+ Kg1 69. Qe3 Kg2 70. Qe2 Kg1 71. Qxh5 f1=Q 72. Qg4+ Kh2 73. h5 Qd3+ 74. Ke5 Qe3+ 75. Qe4 Qg5+ 76. Qf5 Qe7+ 77. Qe6 Qg5+ 78. Qf5 Qe7+ 79. Kf4 Qh4+ 80. Qg4 Qf6+ 81. Ke3 Qe5+ 82. Qe4 Qxh5 83. Qf4+ Kh3 84. Qf3+ Kh4 85. Qxh5+ Kxh5 1/2-1/2


[Site "https://www.chess.com"]

[Event "Titled Tuesday Blitz May 23 Early 2023"]
[White "Bashkansky, Ethan"]
[Black "Goltseva, Ekaterina"]
[WhiteFideId "2071533"]
[BlackFideId "24173770"]
[WhiteElo "2325"]
[BlackElo "2114"]
[Result "1-0"]
[Round "09"]
[TimeControl "180+2"]
[Date "2023.05.23"]
[WhiteClock "0:00:05"]
[BlackClock "0:00:00"]

1. d4 d5 2. c4 dxc4 3. Nf3 a6 4. a4 Nf6 5. e3 Bg4 6. Bxc4 e6 7. O-O Nc6 8. h3 Bh5 9. Nbd2 Bd6 10. b3 O-O 11. Bb2 Qe8 12. Rc1 e5 13. dxe5 Nxe5 14. Be2 Rd8 15. Nxe5 Bxe5 16. Bxe5 Qxe5 17. Bxh5 Nxh5 18. Nf3 Qe7 19. Qc2 Rd7 20. Rfd1 Rfd8 21. Rxd7 Rxd7 22. Nd4 g6 23. Qc5 Qd8 24. Qa7 Nf6 25. Qxb7 c5 26. Nc6 Rxb7 27. Nxd8 Rxb3 28. Rxc5 Ne4 29. Rc2 Ra3 30. Nb7 Rxa4 31. f3 Ra1+ 32. Kh2 Nf6 33. Rc5 Nd7 34. Ra5 Rxa5 35. Nxa5 Nc5 36. e4 f6 37. Kg3 Kf7 38. Kf2 Ke6 39. Ke3 h5 40. Kd4 Nd7 41. g3 Ne5 42. f4 Nf3+ 43. Ke3 Ne1 44. Kd2 Nf3+ 45. Ke3 Ne1 46. Kd2 Ng2 47. Ke2 h4 48. Kf2 hxg3+ 49. Kxg2 g5 50. Kxg3 gxf4+ 51. Kxf4 Kf7 52. Kf5 1-0


[Site "https://www.chess.com"]

[Event "Titled Tuesday Blitz May 23 Early 2023"]
[White "Zaichenko, Daria"]
[Black "Tanmay Jain"]
[WhiteFideId "4197453"]
[BlackFideId "45015481"]
[WhiteElo "2039"]
[BlackElo "2032"]
[Result "1/2-1/2"]
[Round "09"]
[TimeControl "180+2"]
[Date "2023.05.23"]
[WhiteClock "0:00:21"]
[BlackClock "0:01:05"]

1. e4 c5 2. Nf3 d6 3. d4 cxd4 4. Nxd4 Nf6 5. Nc3 g6 6. Bc4 Bg7 7. O-O O-O 8. h3 Nc6 9. a4 Bd7 10. Nb3 Rc8 11. Be2 Na5 12. Nxa5 Qxa5 13. Be3 Rxc3 14. bxc3 Nxe4 15. Bd4 Nxc3 16. Bxc3 Qxc3 17. Rb1 b6 18. Bb5 Bf5 19. Qe2 Be6 20. Qd3 Qc5 21. Qe3 Bd4 22. Qh6 Rc8 23. Bd3 Bf6 24. Rb5 Qc3 25. Rh5 gxh5 26. Bxh7+ Kh8 27. Bf5+ Kg8 28. Bh7+ Kh8 29. Bf5+ Kg8 30. Bh7+ 1/2-1/2


[Site "https://www.chess.com"]

[Event "Titled Tuesday Blitz May 23 Early 2023"]
[White "Tsyhanchuk, Stanislav"]
[Black "Lehtosaari, Mauri"]
[WhiteFideId "13505130"]
[BlackFideId "501999"]
[WhiteElo "2173"]
[BlackElo "2500"]
[Result "1/2-1/2"]
[Round "09"]
[TimeControl "180+2"]
[Date "2023.05.23"]
[WhiteClock "0:00:03"]
[BlackClock "0:00:06"]

1. c4 c6 2. e3 d5 3. Nc3 Nf6 4. Nf3 g6 5. d4 Bg7 6. cxd5 cxd5 7. Be2 O-O 8. O-O Nc6 9. Bd2 Bg4 10. h3 Bxf3 11. Bxf3 e6 12. a3 Na5 13. b3 Rc8 14. Rc1 Re8 15. Re1 Bf8 16. Ra1 a6 17. Qb1 Be7 18. Qb2 h5 19. Rac1 Qb6 20. Bd1 Nc4 21. Na4 Nxb2 22. Nxb6 Rxc1 23. Bxc1 Bxa3 24. Be2 Ne4 25. Nd7 Rc8 26. Ne5 Kg7 27. g4 hxg4 28. hxg4 Bb4 29. Rf1 Rc2 30. Bf3 Nd2 31. Bxd2 Bxd2 32. g5 Rc3 33. Ng4 Rxb3 34. Rb1 a5 35. Bd1 Rb4 36. Ne5 Nc4 37. Rxb4 axb4 38. Nd3 Bc3 39. Nc1 b6 40. Nb3 Nb2 41. Bc2 Kf8 42. Kf1 Ke7 43. Ke2 Nc4 44. f4 Kd6 45. Nc1 Na5 46. Nb3 Nc4 47. Nc1 Kc6 48. Nb3 Kd6 1/2-1/2


[Site "https://www.chess.com"]

[Event "Titled Tuesday Blitz May 23 Early 2023"]
[White "Flynn, Jacob"]
[Black "Nugumanov, Bakhtiyar"]
[WhiteFideId "2509393"]
[BlackFideId "13701797"]
[WhiteElo "2053"]
[BlackElo "2209"]
[Result "1-0"]
[Round "09"]
[TimeControl "180+2"]
[Date "2023.05.23"]
[WhiteClock "0:00:15"]
[BlackClock "0:00:00"]

1. Nf3 b6 2. g3 Bb7 3. Bg2 c5 4. O-O g6 5. d3 Bg7 6. e4 Nc6 7. Nbd2 d6 8. c3 e5 9. Re1 Nge7 10. a4 O-O 11. Nc4 Qd7 12. Bg5 f6 13. Be3 d5 14. exd5 Nxd5 15. Nfd2 Nxe3 16. Nxe3 Qxd3 17. Nd5 Kh8 18. Be4 Qa6 19. Nc7 Qa5 20. Nb3 Rad8 21. Qe2 Nd4 22. cxd4 Qb4 23. Bxb7 Qxb3 24. dxc5 Rd7 25. cxb6 Qxb6 26. Nb5 Qxb7 27. Rac1 a6 28. Nc3 f5 29. Red1 Rfd8 30. Rxd7 Qxd7 31. Qxa6 e4 32. Qe2 Qd2 33. Qxd2 Rxd2 34. b4 Rd3 35. Ne2 h6 36. Rb1 Ra3 37. b5 Rxa4 38. b6 Ra8 39. Nf4 Rb8 40. Nxg6+ Kh7 41. Ne7 Rb7 42. Nxf5 1-0


[Site "https://www.chess.com"]

[Event "Titled Tuesday Blitz May 23 Early 2023"]
[White "Rosh Jain"]
[Black "Ginzburg, Yakov"]
[WhiteFideId "25789465"]
[BlackFideId "4157176"]
[WhiteElo "2233"]
[BlackElo "2305"]
[Result "1-0"]
[Round "09"]
[TimeControl "180+2"]
[Date "2023.05.23"]
[WhiteClock "0:01:28"]
[BlackClock "0:00:00"]

1. e4 c5 2. Nc3 e6 3. Nge2 Nc6 4. g3 d5 5. exd5 exd5 6. d4 Nf6 7. Bg2 cxd4 8. Nxd4 Bc5 9. Be3 Bxd4 10. Bxd4 Qe7+ 11. Be3 Bg4 12. Nxd5 Nxd5 13. Qxd5 Rd8 14. Qb5 Qb4+ 15. Qxb4 Nxb4 16. O-O Nxc2 17. Rac1 Nxe3 18. fxe3 O-O 19. Bxb7 Rfe8 20. Rc7 f6 21. e4 Bh3 22. Bd5+ Kh8 23. Rfc1 h5 24. Rxa7 Rc8 25. Rac7 Rb8 26. b3 Rb4 27. Rd1 f5 28. a3 Rb6 29. exf5 Bxf5 30. Rf1 Bc2 31. Rxc2 1-0


[Site "https://www.chess.com"]

[Event "Titled Tuesday Blitz May 23 Early 2023"]
[White "Janaszak, Dawid"]
[Black "LeoLV10"]
[WhiteFideId "1119206"]
[WhiteElo "2220"]
[BlackElo "2399"]
[Result "0-1"]
[Round "09"]
[TimeControl "180+2"]
[Date "2023.05.23"]
[WhiteClock "0:00:00"]
[BlackClock "0:00:13"]

1. c4 c5 2. b3 Nc6 3. Bb2 Nf6 4. f4 g6 5. Nf3 Bg7 6. e3 e6 7. Be2 O-O 8. O-O d6 9. Na3 Qe7 10. Rb1 b6 11. Qe1 Bb7 12. Qh4 a6 13. Nc2 Ne4 14. Qxe7 Nxe7 15. Bxg7 Kxg7 16. b4 Rab8 17. Bd3 Nf6 18. Rb3 Bc6 19. Rfb1 Ba4 20. Ra3 Bxc2 21. Bxc2 cxb4 22. Rxa6 Nc6 23. Ba4 Rfc8 24. Bxc6 Rxc6 25. Rxb4 Nd7 26. d4 Rbc8 27. Nd2 d5 28. cxd5 exd5 29. Ra7 Nf6 30. h3 Rc1+ 31. Kh2 R8c2 32. Nf3 Re2 33. Rxb6 Rcc2 34. Nh4 Rxa2 35. Rxa2 Rxa2 36. Rb7 Re2 37. Rb3 Ne4 38. Nf3 h5 39. Ng5 Nd2 40. Rb7 Nf1+ 41. Kg1 Nxe3 42. Rxf7+ Kg8 43. Rf6 Rxg2+ 44. Kh1 Rf2 45. Rxg6+ Kf8 46. Rf6+ Kg7 47. Rd6 Rd2 48. Nf3 Rf2 49. Ng5 h4 50. Kg1 Rf1+ 51. Kh2 Rf2+ 52. Kg1 Rg2+ 53. Kh1 Rg3 54. Re6 Nf5 55. Re4 dxe4 0-1


[Site "https://www.chess.com"]

[Event "Titled Tuesday Blitz May 23 Early 2023"]
[White "Dwilewicz, Katarzyna"]
[Black "Yurasova, Daria"]
[WhiteFideId "1148486"]
[BlackFideId "34146919"]
[WhiteElo "2065"]
[BlackElo "2109"]
[Result "0-1"]
[Round "09"]
[TimeControl "180+2"]
[Date "2023.05.23"]
[WhiteClock "0:00:00"]
[BlackClock "0:00:07"]

1. e4 e5 2. Nf3 Nc6 3. Bc4 Bc5 4. d3 Nf6 5. O-O d6 6. c3 a6 7. Bb3 Ba7 8. Nbd2 h6 9. Re1 Bg4 10. Nf1 O-O 11. h3 Be6 12. Ng3 Qd7 13. Nh4 Ne7 14. Qf3 Ng6 15. Nhf5 Nh7 16. h4 Rfe8 17. h5 Ne7 18. Qg4 Bxf5 19. exf5 Nf6 20. Qf3 c6 21. Ne4 Nxf5 22. Nxf6+ gxf6 23. g4 Ng7 24. Bxh6 d5 25. Kh2 Bb8 26. Qxf6 Qxg4 27. Qxg7+ Qxg7 28. Bxg7 Kxg7 29. f4 Bd6 30. Kg2 exf4 31. Kf3 Kh6 32. d4 Kxh5 33. Rh1+ Kg5 34. Rag1+ Kf6 35. Rh6+ Ke7 36. Rg7 Rg8 37. Rgh7 Rg3+ 38. Kf2 Rag8 39. Rh2 R8g7 40. Bd1 Rxh7 41. Rxh7 Kf6 42. Bh5 Rg7 43. Rh6+ Ke7 44. Rh8 Kd7 45. Bf3 Kc7 46. Rh6 a5 47. Rh8 a4 48. Rh1 a3 49. b3 b5 50. b4 Kb6 51. Rb1 Rh7 52. Rb3 Rh2+ 53. Bg2 Rh6 54. Rxa3 Re6 55. Ra8 Re3 56. Rd8 Bc7 57. Rd7 Rxc3 58. Rxf7 Rc2+ 59. Kf1 Rxa2 60. Rf6 Ra1+ 61. Ke2 Ra2+ 62. Kf1 Kb7 63. Bf3 Rc2 64. Ke1 Rc4 65. Ke2 Rxd4 66. Bg4 Rxb4 67. Rf8 Rc4 68. Kd3 Kb6 69. Bd1 b4 70. Bb3 Rc3+ 71. Kd4 Rxb3 72. Rb8+ Ka7 73. Rb7+ Kxb7 74. Kc5 Bb6+ 75. Kd6 f3 0-1


[Site "https://www.chess.com"]

[Event "Titled Tuesday Blitz May 23 Early 2023"]
[White "Makhmudov, Shukhrat"]
[Black "Jovic, Stanoje"]
[WhiteFideId "14200775"]
[BlackFideId "905020"]
[WhiteElo "2135"]
[BlackElo "2236"]
[Result "0-1"]
[Round "09"]
[TimeControl "180+2"]
[Date "2023.05.23"]
[WhiteClock "0:00:05"]
[BlackClock "0:00:09"]

1. e4 c6 2. Nc3 d5 3. exd5 cxd5 4. d4 Nc6 5. Bf4 Bf5 6. Nf3 e6 7. a3 Bd6 8. Bxd6 Qxd6 9. Bd3 Bg6 10. O-O Nf6 11. Re1 O-O 12. Ne5 a6 13. Bxg6 hxg6 14. Nxc6 Qxc6 15. Ne2 Ne4 16. f3 Nd6 17. Nf4 Nf5 18. c3 b5 19. Nd3 a5 20. Ne5 Qb7 21. Qb3 Rfb8 22. Nd3 Nd6 23. Nc5 Qc6 24. Qc2 b4 25. cxb4 axb4 26. a4 b3 27. Qd3 Rb4 28. Rac1 Nc4 29. Qc3 Rab8 30. Ra1 e5 31. Nd3 exd4 32. Nxb4 Qc5 33. Nd3 Qb6 34. Qc1 Ne3 35. Qc5 Qb7 36. Re2 Rc8 37. Qxd4 Nc2 38. Rxc2 bxc2 39. Rc1 Rc4 40. Qf2 Qb3 41. Nc5 Qxb2 42. Nd3 Qa2 43. a5 Qa3 44. Rxc2 Qxd3 45. Rxc4 dxc4 46. g3 c3 47. Qc5 c2 48. Kg2 Qd2+ 49. Kh3 c1=Q 50. Qxc1 Qxc1 0-1


[Site "https://www.chess.com"]

[Event "Titled Tuesday Blitz May 23 Early 2023"]
[White "Melikhov, Evgeny V."]
[Black "Rios Escobar, Adan"]
[WhiteFideId "4122046"]
[BlackFideId "3403645"]
[WhiteElo "2158"]
[BlackElo "2452"]
[Result "0-1"]
[Round "09"]
[TimeControl "180+2"]
[Date "2023.05.23"]
[WhiteClock "0:00:08"]
[BlackClock "0:00:19"]

1. d4 Nf6 2. c4 g6 3. Nc3 Bg7 4. e4 d6 5. f3 O-O 6. Be3 e5 7. d5 c5 8. g4 Ne8 9. h4 a6 10. Qd2 f5 11. g5 Nc7 12. Nge2 b5 13. b3 Nd7 14. Bf2 Nb6 15. cxb5 axb5 16. a4 bxa4 17. Nxa4 Nbxd5 18. exd5 e4 19. Nec3 Re8 20. O-O-O exf3 21. Rh3 Na6 22. Bxa6 Bxa6 23. Rxf3 Qb8 24. Kb2 Be2 25. Re3 Rxe3 26. Bxe3 Bxd1 27. Qxd1 Rxa4 28. Bd2 Rd4 29. Qe2 Rxd2+ 30. Qxd2 Qb4 31. Kc2 Bxc3 32. Qe2 Be5 33. Qa6 Qe4+ 34. Kd1 Qxd5+ 35. Kc2 Qe4+ 36. Kd1 Qf3+ 37. Kc2 Qc3+ 38. Kd1 Qxb3+ 39. Ke2 Qb2+ 40. Kd1 Qa1+ 41. Qxa1 Bxa1 0-1


[Site "https://www.chess.com"]

[Event "Titled Tuesday Blitz May 23 Early 2023"]
[White "Goswami, Vedant"]
[Black "Rottenwohrer Suarez, Juan"]
[WhiteFideId "5003725"]
[BlackFideId "32068182"]
[WhiteElo "2011"]
[BlackElo "2174"]
[Result "0-1"]
[Round "09"]
[TimeControl "180+2"]
[Date "2023.05.23"]
[WhiteClock "0:00:10"]
[BlackClock "0:01:02"]

1. e4 c5 2. Nf3 g6 3. Bc4 Nc6 4. d3 Bg7 5. c3 e6 6. Bb3 d5 7. Nbd2 Nge7 8. O-O O-O 9. Re1 b5 10. a4 b4 11. e5 h6 12. Nf1 bxc3 13. bxc3 d4 14. cxd4 Nxd4 15. Bc4 Bb7 16. Nxd4 Qxd4 17. Be3 Qxe5 18. Bxh6 Qxa1 19. Qxa1 Bxa1 20. Bxf8 Kxf8 21. Rxa1 Nf5 22. Rb1 Bc6 23. a5 Nd4 24. Ng3 f5 25. f3 Rd8 26. Kf2 Kg7 27. Ne2 Nc2 28. Rc1 Nb4 29. Ke3 e5 30. g3 g5 31. f4 gxf4+ 32. gxf4 Kf6 33. fxe5+ Kxe5 34. Rg1 Rh8 35. d4+ cxd4+ 36. Nxd4 f4+ 37. Kd2 Kxd4 0-1


[Site "https://www.chess.com"]

[Event "Titled Tuesday Blitz May 23 Early 2023"]
[White "Rodriguez Santiago, Jaime"]
[Black "Kielinkei"]
[WhiteFideId "3100898"]
[WhiteElo "2025"]
[BlackElo "2442"]
[Result "0-1"]
[Round "09"]
[TimeControl "180+2"]
[Date "2023.05.23"]
[WhiteClock "0:00:07"]
[BlackClock "0:00:06"]

1. c4 Nf6 2. Nc3 e6 3. e4 c5 4. e5 Ng8 5. Nf3 Nc6 6. d4 cxd4 7. Nxd4 Nxe5 8. Ndb5 d6 9. c5 d5 10. Bf4 Qf6 11. Qd4 Nf3+ 12. gxf3 Qxd4 13. Nxd4 Bxc5 14. Ndb5 Bb6 15. Bc7 Ke7 16. Bxb6 axb6 17. Rc1 Bd7 18. a4 Nf6 19. Rg1 g6 20. Bd3 Rhc8 21. Kd2 Rc5 22. b4 Rcc8 23. Ra1 Nh5 24. Ne2 e5 25. Nbc3 Be6 26. Bb5 f5 27. Rge1 Kf6 28. Rec1 Rd8 29. Nd1 Rac8 30. Ne3 f4 31. Ng4+ Bxg4 32. fxg4 Ng7 33. a5 bxa5 34. bxa5 Ne6 35. Nc3 Nd4 36. Bf1 Nb3+ 37. Kc2 Nxa1+ 38. Rxa1 d4 39. Rb1 Rxc3+ 40. Kd2 Rc7 41. Rb6+ Ke7 42. h4 Rd6 43. Rb5 Kf6 44. Bd3 Rd8 45. g5+ Kf7 46. Ke2 Re8 47. Kf3 Ree7 48. Ke4 Rc3 49. f3 Ra3 50. h5 gxh5 51. Kf5 h4 52. Kg4 Rxd3 53. Kxh4 Rxf3 54. Kg4 Ra3 55. Kf5 d3 56. Rd5 e4 57. Kxf4 e3 58. Kf3 e2 59. Rf5+ Kg6 0-1


[Site "https://www.chess.com"]

[Event "Titled Tuesday Blitz May 23 Early 2023"]
[White "Prieto Aranguren, Alain"]
[Black "Ramirez Vido, Robert Yorisan"]
[WhiteFideId "2268906"]
[BlackFideId "3513823"]
[WhiteElo "2209"]
[BlackElo "2441"]
[Result "0-1"]
[Round "09"]
[TimeControl "180+2"]
[Date "2023.05.23"]
[WhiteClock "0:00:29"]
[BlackClock "0:00:32"]

1. e4 d6 2. f4 Nf6 3. Bd3 e5 4. fxe5 dxe5 5. Nf3 Nc6 6. O-O Bc5+ 7. Kh1 Bg4 8. Nc3 h5 9. Na4 Bd4 10. Qe1 h4 11. Nxd4 Qxd4 12. Nc3 h3 13. g3 O-O-O 14. Be2 Qc5 15. d3 Nd4 16. Bxg4+ Nxg4 17. Qd1 Nf6 18. Bg5 Rd6 19. Rc1 c6 20. Bxf6 Rxf6 21. Rxf6 gxf6 22. Ne2 Nf3 23. Qf1 Qe3 24. Ng1 Nxg1 25. Qxg1 Qf3+ 0-1


[Site "https://www.chess.com"]

[Event "Titled Tuesday Blitz May 23 Early 2023"]
[White "Dishman, Stephen"]
[Black "Begunov, Konstantin"]
[WhiteFideId "403024"]
[BlackFideId "4118510"]
[WhiteElo "2204"]
[BlackElo "2050"]
[Result "1-0"]
[Round "09"]
[TimeControl "180+2"]
[Date "2023.05.23"]
[WhiteClock "0:00:01"]
[BlackClock "0:00:19"]

1. c4 c6 2. Nf3 d5 3. g3 Nf6 4. Bg2 Bf5 5. Qb3 Qc8 6. O-O e6 7. d4 Nbd7 8. Bf4 Be7 9. Nc3 O-O 10. Rac1 Ne4 11. cxd5 Nxc3 12. Qxc3 exd5 13. Ne5 Nxe5 14. Bxe5 Qd7 15. b4 a6 16. a4 Bh3 17. Bxh3 Qxh3 18. b5 axb5 19. axb5 Rfc8 20. Qb3 Ra3 21. Qb2 Qe6 22. bxc6 bxc6 23. Rc2 Raa8 24. h4 h5 25. Qb7 c5 26. Rb1 c4 27. Rb6 Qf5 28. Rc1 Bd8 29. Rb5 c3 30. Qxd5 c2 31. Qf3 Qxf3 32. exf3 Be7 33. Rb2 Ba3 34. Rcxc2 Bxb2 35. Rxb2 Rc4 36. Rd2 Rd8 37. Kg2 f6 38. Bf4 Rcxd4 39. Re2 Kf7 40. Be3 Re8 41. f4 Rd3 42. Kf3 Kg6 43. Rc2 Re7 44. Rc5 Ra3 45. Rb5 Rc7 46. Rd5 Rac3 47. Rb5 Rd3 48. Ra5 Rcd7 49. Rb5 R3d5 50. Rb8 Kf5 51. Rb6 g6 52. Ra6 Rd3 53. Ra5+ R7d5 54. Ra6 g5 55. hxg5 fxg5 56. fxg5 Re5 57. Rf6# 1-0


[Site "https://www.chess.com"]

[Event "Titled Tuesday Blitz May 23 Early 2023"]
[White "Kuchava, Ana"]
[Black "Tarasova, Viktoriya"]
[WhiteFideId "13605348"]
[BlackFideId "4175840"]
[WhiteElo "2001"]
[BlackElo "2182"]
[Result "1-0"]
[Round "09"]
[TimeControl "180+2"]
[Date "2023.05.23"]
[WhiteClock "0:00:11"]
[BlackClock "0:00:05"]

1. d4 Nf6 2. Nf3 e6 3. c4 b6 4. a3 Bb7 5. Nc3 d5 6. cxd5 Nxd5 7. e3 Be7 8. Bd3 O-O 9. O-O Nd7 10. e4 Nxc3 11. bxc3 c5 12. Qe2 cxd4 13. cxd4 Rc8 14. Bb2 Nf6 15. Rac1 Rxc1 16. Rxc1 Qb8 17. h3 h6 18. Ne5 Rc8 19. Rc2 Rxc2 20. Qxc2 Bf8 21. f3 Qc8 22. Qxc8 Bxc8 23. Nc6 a5 24. a4 Bb7 25. Bb5 Bc8 26. Kf2 Bd7 27. Ke3 Ne8 28. Ne7+ Bxe7 29. Bxd7 Nd6 30. Kd3 Kf8 31. d5 exd5 32. exd5 Nb7 33. Kc4 Bc5 34. Kb5 Ke7 35. Bc6 Nd6+ 36. Ka6 g6 37. Be5 Nc4 38. Bc7 h5 39. g4 h4 40. Bf4 Kd8 41. Bg5+ Be7 42. Bxe7+ Kxe7 43. Bb5 Nd2 44. Kxb6 Nxf3 45. Kxa5 Ng1 46. Bf1 Kd6 47. Bg2 Nf3 48. Bxf3 1-0


[Site "https://www.chess.com"]

[Event "Titled Tuesday Blitz May 23 Early 2023"]
[White "Ciuffoletti, Paolo"]
[Black "Sargissyan, Sargis"]
[WhiteFideId "807630"]
[BlackFideId "13303210"]
[WhiteElo "2143"]
[BlackElo "2109"]
[Result "0-1"]
[Round "09"]
[TimeControl "180+2"]
[Date "2023.05.23"]
[WhiteClock "0:00:00"]
[BlackClock "0:01:03"]

1. e4 c5 2. d4 cxd4 3. c3 dxc3 4. Nxc3 Nc6 5. Nf3 e6 6. Bc4 Bb4 7. O-O Nge7 8. Nb5 d5 9. exd5 exd5 10. Bxd5 Nxd5 11. Qxd5 O-O 12. Qh5 Qd3 13. Be3 Bf5 14. Nbd4 Nxd4 15. Nxd4 Bg6 16. Qb5 Qxb5 17. Nxb5 Bd3 18. Nxa7 Bxf1 19. Kxf1 Rfd8 20. Nb5 Rac8 21. a3 Be7 22. Bd4 Rd5 23. a4 Bf6 24. Bc3 Bxc3 25. bxc3 Rc4 26. Re1 g5 27. Re8+ Kg7 28. Ra8 Rd2 29. Ke1 Ra2 30. Nd6 Rxc3 31. Ne8+ Kg6 0-1


[Site "https://www.chess.com"]

[Event "Titled Tuesday Blitz May 23 Early 2023"]
[White "Mazurkiewicz, Michal"]
[Black "Larina, Maria"]
[WhiteFideId "1124943"]
[BlackFideId "24113182"]
[WhiteElo "2054"]
[BlackElo "1848"]
[Result "1-0"]
[Round "09"]
[TimeControl "180+2"]
[Date "2023.05.23"]
[WhiteClock "0:01:33"]
[BlackClock "0:00:12"]

1. e4 c6 2. d3 d5 3. Nd2 g6 4. g3 Bg7 5. Bg2 e5 6. Ngf3 Ne7 7. O-O O-O 8. Re1 d4 9. a4 c5 10. Nc4 Nbc6 11. Bd2 b6 12. b3 Qc7 13. Nh4 Be6 14. f4 f5 15. exf5 Nxf5 16. Nxf5 Bxf5 17. fxe5 Rad8 18. Bf4 Nb4 19. e6 Qe7 20. Qd2 Nd5 21. Bg5 Bf6 22. Bxf6 Rxf6 23. Re5 Nc7 24. Rae1 Rxe6 25. Qf4 Rxe5 26. Rxe5 Ne6 27. Qf3 Qf7 28. g4 Ng5 29. Qg3 Bc8 30. Rxg5 h6 31. Re5 Rf8 32. Bd5 1-0


[Site "https://www.chess.com"]

[Event "Titled Tuesday Blitz May 23 Early 2023"]
[White "Jaivardhan Raj"]
[Black "Ziatdinov, Raset"]
[WhiteFideId "25744437"]
[BlackFideId "2015323"]
[WhiteElo "1772"]
[BlackElo "2220"]
[Result "0-1"]
[Round "09"]
[TimeControl "180+2"]
[Date "2023.05.23"]
[WhiteClock "0:00:08"]
[BlackClock "0:00:45"]

1. e4 e6 2. d4 d5 3. Nd2 c5 4. exd5 Qxd5 5. Ngf3 cxd4 6. Bc4 Qd6 7. O-O Nf6 8. Nb3 Nc6 9. Nbxd4 Nxd4 10. Nxd4 a6 11. c3 Qc7 12. Bb3 Bd6 13. Ba4+ b5 14. Bxb5+ axb5 15. Nxb5 Bxh2+ 16. Kh1 Qb8 17. a4 O-O 18. Bg5 Bb7 19. Bxf6 gxf6 20. f4 Bxf4 21. Qg4+ Bg5 22. Rxf6 Qe5 23. Raf1 h5 24. R6f5 Qxf5 25. Rxf5 hxg4 26. Rxg5+ Kh7 27. Rxg4 Rg8 28. Rh4+ Kg6 29. Nd6 Rh8 30. Rxh8 Rxh8+ 31. Kg1 Bc6 32. b4 Rd8 33. Nc4 Bxa4 34. Nb2 Bb3 35. c4 Rd2 36. b5 Rxb2 37. c5 Bd5 38. b6 Rb5 0-1


[Site "https://www.chess.com"]

[Event "Titled Tuesday Blitz May 23 Early 2023"]
[White "Vargas, Gabriela"]
[Black "Artemenko, Oleg"]
[WhiteFideId "3700860"]
[BlackFideId "14201798"]
[WhiteElo "2057"]
[BlackElo "2287"]
[Result "0-1"]
[Round "09"]
[TimeControl "180+2"]
[Date "2023.05.23"]
[WhiteClock "0:00:00"]
[BlackClock "0:00:32"]

1. d4 Nf6 2. Nf3 g6 3. Bg5 Bg7 4. Nbd2 O-O 5. c3 d6 6. e4 h6 7. Bh4 c5 8. dxc5 dxc5 9. Bc4 Nc6 10. Qe2 Nh5 11. Bg3 Nxg3 12. hxg3 Na5 13. Bd3 Bg4 14. Nc4 Nxc4 15. Bxc4 a6 16. a4 b5 17. Bd5 Rb8 18. O-O b4 19. Rfd1 Qa5 20. cxb4 Rxb4 21. Ra2 Rxa4 22. Rxa4 Qxa4 23. b3 Qa3 24. Bc4 a5 25. Rd3 Qc1+ 26. Rd1 Qc3 27. Qd3 Qb2 28. Rd2 Qa1+ 29. Rd1 Qf6 30. Kh2 g5 31. Rd2 h5 32. Ne1 h4 33. gxh4 gxh4 34. g3 Qh6 35. Kg2 hxg3 36. fxg3 Bd4 0-1


[Site "https://www.chess.com"]

[Event "Titled Tuesday Blitz May 23 Early 2023"]
[White "Fernandez Garcia, Gumersindo"]
[Black "Kim, Sergey"]
[WhiteFideId "24516740"]
[BlackFideId "13700570"]
[WhiteElo "2093"]
[BlackElo "2548"]
[Result "0-1"]
[Round "09"]
[TimeControl "180+2"]
[Date "2023.05.23"]
[WhiteClock "0:01:29"]
[BlackClock "0:01:43"]

1. e4 e5 2. Nf3 Nc6 3. d4 exd4 4. Bc4 Nf6 5. O-O Nxe4 6. Re1 d5 7. Bxd5 Qxd5 8. Nc3 Qa5 9. Nxe4 Be6 10. Neg5 O-O-O 11. Nxe6 fxe6 12. Rxe6 Be7 13. Qe1 Qxe1+ 14. Rxe1 Bf6 15. Bf4 d3 16. c3 Rd5 17. Rad1 Rhd8 18. Re3 Na5 19. Ne1 d2 20. Nf3 Nc4 21. Re2 Nxb2 22. Rdxd2 Bxc3 23. Rxd5 Rxd5 24. h4 Bf6 25. g4 Nd3 26. Bg3 h6 27. Kg2 c5 28. Rc2 b6 29. Nd2 Ne1+ 0-1


[Site "https://www.chess.com"]